 Dungeon Crawl Stone Soup version 0.29.1-1-gd02db6906a (webtiles) character file.

Game seed: 12947025994848402667

7892 Earthwalker the Spear-Bearer (level 11, -9/95 HPs)
             Began as a Minotaur Fighter on Oct 10, 2022.
             Was a High Priest of Okawaru.
             Mangled by an orc warrior
             ... wielding a +0 glaive
              (15 damage)
             ... in a bailey.
             The game lasted 00:37:17 (9508 turns).

Earthwalker the Spear-Bearer (Minotaur Fighter)     Turns: 9508, Time: 00:37:18

Health: -9/95      AC: 22    Str: 26    XL:     11   Next: 2%
Magic:  0/10       EV:  8    Int:  5    God:    Okawaru [*****.]
Gold:   948        SH:  5    Dex:  9    Spells: 10/10 levels left

rFire   . . .      SeeInvis +   y - +1 trident (protect)
rCold   . . .      Faith    .   c - +0 buckler
rNeg    . . .      Spirit   +   z - +1 plate armour
rPois   +          Reflect  .   (helmet restricted)
rElec   .          Harm     .   (no cloak)
rCorr   .          Rampage  .   (no gloves)
Will    .....                   (no boots)
Stlth   ..........              o - amulet of guardian spirit
HPRegen 0.25/turn               n - ring of see invisible
MPRegen 0.12/turn               t - ring of poison resistance

@: under a protective aura, invisible
A: horns 2, retaliatory headbutt
a: Renounce Religion, Heroism, Finesse, Duel


You were in a bailey.
You worshipped Okawaru.
Okawaru was extremely pleased with you.
You visited 2 branches of the dungeon, and saw 11 of its levels.
You also visited: Bailey.

You collected 948 gold pieces.

Inventory:

Hand Weapons
 a - a +1 trident
 y - a +1 trident of protection (weapon)
 H - a +5 halberd
 J - a +1 spear of freezing
Missiles
 i - a poisoned dart (quivered)
 l - 27 boomerangs
 T - an atropa-tipped dart
Armour
 b - a +0 scale mail
 c - a +0 buckler (worn)
 z - a +1 plate armour (worn)
Jewellery
 n - a ring of see invisible (left hand)
 o - an amulet of guardian spirit (around neck)
 t - a ring of poison resistance (right hand)
 u - a ring of protection from fire
 E - a ring of ice
 N - a ring of ice
 O - an amulet of magic regeneration
Wands
 f - a wand of flame (43)
 r - a wand of polymorph (9)
 x - a wand of paralysis (18)
 D - a wand of mindburst (22)
 M - a wand of quicksilver (22)
Scrolls
 e - 4 scrolls of poison
 m - 7 scrolls of butterflies
 q - 9 scrolls of teleportation
 w - 2 scrolls of vulnerability
 F - a scroll of magic mapping
 K - a scroll of enchant weapon
 P - a scroll of noise
 Q - a scroll of amnesia
 S - a scroll of identify
Potions
 d - 3 potions of might
 g - 5 potions of curing
 h - 2 potions of flight
 k - a potion of attraction
 p - a potion of ambrosia
 s - a potion of berserk rage
 v - 3 potions of invisibility
 A - 7 potions of mutation {unknown}
 B - 4 potions of lignification {unknown}
 C - 2 potions of haste {unknown}
 G - 4 potions of heal wounds {unknown}
 I - a potion of degeneration {unknown}
 L - a potion of magic {unknown}
 R - 2 potions of cancellation {unknown}


   Skills:
 * Level 8.5 Fighting
 * Level 11.9 Polearms
 * Level 5.1 Throwing
 * Level 9.3 Armour
 * Level 5.3 Dodging
 * Level 4.6 Stealth
 * Level 6.8 Shields


You had 10 spell levels left.
You didn't know any spells.
Your spell library contained the following spells:

 Spells                   Type           Power      Damage    Failure   Level
 Magic Dart               Conj           0%         1d3       100%        1
 Slow                     Hex            0%         N/A       100%        1
 Searing Ray              Conj           0%         2d4       100%        2
 Confusing Touch          Hex            0%         N/A       100%        3
 Mephitic Cloud           Conj/Pois/Air  0%         N/A       100%        3
 Vampiric Draining        Necr           0%         2d6       100%        3
 Fulminant Prism          Conj/Hex       0%         3d6       100%        4
 Fireball                 Conj/Fire      0%         3d3       100%        5
 Eringya's Noxious Bog    Tmut/Pois      0%         N/A       100%        6
 Starburst                Conj/Fire      0%         6d3       100%        6
 Ignition                 Fire           0%         3d3       100%        8
 Call Imp                 Summ           Unusable   N/A       N/A         2
 Summon Forest            Summ/Tloc      Unusable   N/A       N/A         5
 Summon Hydra             Summ           Unusable   N/A       N/A         7

Dungeon Overview and Level Annotations

Branches:
Dungeon (10/15)            Temple (1/1) D:5            Lair (0/5) D:8
 Bailey (1/1)
    Orc: D:9-12

Altars:
Ashenzari
Cheibriados
Dithmenos
Elyvilon
Fedhas
Gozag
Hepliaklqana
Kikubaaqudgha
Makhleb
Nemelex Xobeh
Okawaru
Qazlal
Ru
Sif Muna
Trog
Uskayaw
Vehumet
Wu Jian
Xom
Yredelemnul
Zin
The Shining One

Shops:
D:3 *


Innate Abilities, Weirdness & Mutations

You have a pair of horns on your head.
You reflexively headbutt those who attack you in melee.


Message History

The orc knight is severely wounded.
The orc knight hits you from afar with a +0 glaive!!
* * * LOW HITPOINT WARNING * * *
Reach: y) +1 trident (protect)
Press: ? - help, Dir - move target, f/p - orc knight
Aim: an orc knight, wielding a +0 glaive and wearing a +0 chain mail (severely wounded, poisoned, about 38% to evade your +1 trident of protection)
You reach to attack!
You hit the orc knight.
The orc knight is severely wounded.
Unknown command.
Reach: y) +1 trident (protect)
Press: ? - help, Dir - move target, f/p - orc knight
Aim: an orc knight, wielding a +0 glaive and wearing a +0 chain mail (severely wounded, poisoned, about 38% to evade your +1 trident of protection)
You reach to attack!
You hit the orc knight.
The orc knight is severely wounded.
The orc knight hits you from afar with a +0 glaive!!
* * * LOW HITPOINT WARNING * * *
Reach: y) +1 trident (protect)
Press: ? - help, Dir - move target, f/p - orc knight
Aim: an orc knight, wielding a +0 glaive and wearing a +0 chain mail (severely wounded, poisoned, about 38% to evade your +1 trident of protection)
You reach to attack!
You puncture the orc knight!
The orc knight is almost dead.
The orc knight barely misses you.
Reach: y) +1 trident (protect)
Press: ? - help, Dir - move target, f/p - orc knight
Aim: an orc knight, wielding a +0 glaive and wearing a +0 chain mail (almost dead, poisoned, about 38% to evade your +1 trident of protection)
You reach to attack!
You hit the orc knight but do no damage.
The orc knight is almost dead.
Reach: y) +1 trident (protect)
Press: ? - help, Dir - move target, f/p - orc knight
Aim: an orc knight, wielding a +0 glaive and wearing a +0 chain mail (almost dead, poisoned, about 38% to evade your +1 trident of protection)
You reach to attack!
You hit the orc knight.
You kill the orc knight!
Okawaru is honoured by your kill. Okawaru grants you armour!
Something appears at your feet!
You see here a scarf of invisibility.
You have reached level 11!
You fade into invisibility!
The orc warrior hits you from afar with a +0 glaive!
You die...

####### ############
########.....## ##........∩.##
#.....#...)...######....)#......#
')....')..##).#...)#....###.....#
'.....'....8..o.@))).)...8.....∩#
'.....o...##..#...)#....###.....#
#.....#.......######.....#).....#
########(....## ##.....)..∩.##
####### ############


You could see an orc warrior (strong, unable to see you).

Vanquished Creatures
  2 orc knights (Bailey)
  Maggie (D:7)
  A troll (D:9)
  A hornet (D:8)
  Prince Ribbit (D:8)
  Sigmund (D:6)
  A wyvern (D:9)
  A wraith (D:9)
  7 yaks
  Duvessa (D:7)
  5 sky beasts
  10 orc warriors
  2 ice beasts (D:8)
  A phantom (D:5)
  2 ogres
  6 bullfrogs
  2 kobold brigands
  5 wights (D:7)
  2 scorpions (D:6)
  Dowan (D:7)
  17 killer bees
  2 howler monkeys
  4 hounds
  5 orc priests
  5 jellies
  3 iron imps (D:3)
  4 iguanas
  7 orc wizards
  4 gnolls (D:7)
  6 adders
  A shadow imp (D:8)
  3 white imps
  2 ufetubi
  A worm (D:2)
  3 dart slugs
  49 orcs
  11 ball pythons
  4 bats
  9 endoplasms
  4 giant cockroaches
  9 goblins
  3 hobgoblins
  6 kobolds
  A quokka (D:2)
  5 frilled lizards
  7 rats
228 creatures vanquished.

Vanquished Creatures (others)
  5 plants (D:6)
5 creatures vanquished.

Grand Total: 233 creatures vanquished

Notes
Turn   | Place    | Note
-------+----------+-------------------------------------------
     0 | D:1      | Earthwalker the Minotaur Fighter began the quest for the
                  | Orb.
     0 | D:1      | Reached XP level 1. HP: 19/19 MP: 0/0
   133 | D:1      | Reached XP level 2. HP: 24/27 MP: 1/1
   333 | D:1      | Found a faded altar of an unknown god.
   623 | D:2      | Reached XP level 3. HP: 33/33 MP: 2/2
   755 | D:2      | Reached skill level 3 in Polearms
   765 | D:2      | Reached skill level 1 in Dodging
  1113 | D:3      | Found Pesah's General Store.
  1129 | D:3      | Reached XP level 4. HP: 40/40 MP: 3/3
  1308 | D:3      | Found a glowing silver altar of Zin.
  1431 | D:3      | Reached skill level 1 in Stealth
  1434 | D:3      | Found a glowing golden altar of the Shining One.
  1464 | D:3      | Found a burning altar of Makhleb.
  1478 | D:3      | Reached skill level 1 in Throwing
  1481 | D:3      | Reached skill level 4 in Polearms
  1481 | D:3      | Reached XP level 5. HP: 36/46 MP: 2/4
  1827 | D:4      | Found an opulent altar of Gozag.
  1884 | D:4      | You fall into a shaft and drop 3 floors!
  1897 | D:6      | Noticed a sky beast
  1907 | D:6      | Killed a sky beast
  1908 | D:6      | Reached XP level 6. HP: 45/53 MP: 5/5
  2004 | D:6      | Found a hide-covered altar of Uskayaw.
  2023 | D:6      | Found a hazy altar of Hepliaklqana.
  2040 | D:6      | Reached skill level 5 in Polearms
  2269 | D:5      | Entered Level 5 of the Dungeon
  2509 | D:5      | Found an ornate altar of the Wu Jian Council.
  2642 | D:5      | Reached XP level 7. HP: 60/60 MP: 6/6
  2672 | D:4      | Reached skill level 6 in Polearms
  2891 | D:4      | Reached skill level 5 in Fighting
  3043 | D:4      | Reached skill level 5 in Armour
  3207 | D:5      | Found a staircase to the Ecumenical Temple.
  3216 | Temple   | Entered the Ecumenical Temple
  3232 | Temple   | Became a worshipper of Warmaster Okawaru
  3363 | D:5      | Found a basalt altar of Yredelemnul.
  3525 | D:5      | Found a shimmering blue altar of Sif Muna.
  4229 | D:6      | Reached skill level 7 in Polearms
  4235 | D:6      | Reached XP level 8. HP: 66/68 MP: 7/7
  4253 | D:6      | Reached * piety under Okawaru
  4492 | D:6      | Noticed Sigmund
  4525 | D:6      | Killed Sigmund
  4645 | D:7      | Noticed Maggie
  4668 | D:7      | Killed Maggie
  4669 | D:7      | Reached skill level 8 in Polearms
  4669 | D:7      | Reached skill level 5 in Shields
  5001 | D:7      | Noticed Duvessa
  5001 | D:7      | Noticed Dowan
  5162 | D:7      | Killed Duvessa
  5207 | D:7      | Killed Dowan
  5280 | D:7      | Identified the +0 ring mail "Kocenib" {rPois rF- Int+3}
  5308 | D:6      | Reached ** piety under Okawaru
  5399 | D:6      | Reached XP level 9. HP: 38/75 MP: 4/8
  5632 | D:7      | Found a sacrificial altar of Ru.
  5726 | D:7      | Found a radiant altar of Vehumet.
  6047 | D:7      | Reached skill level 9 in Polearms
  6185 | D:7      | Found a shimmering altar of Xom.
  6217 | D:7      | Found a shadowy altar of Dithmenos.
  6812 | D:8      | Reached *** piety under Okawaru
  7074 | D:8      | Found a staircase to the Lair.
  7122 | D:8      | Reached skill level 10 in Polearms
  7399 | D:8      | Noticed an eight-headed hydra
  7533 | D:8      | Reached XP level 10. HP: 75/86 MP: 9/9
  8030 | D:8      | Noticed Prince Ribbit
  8062 | D:8      | Killed Prince Ribbit
  8062 | D:8      | Reached **** piety under Okawaru
  8367 | D:9      | Found a sparkling altar of Nemelex Xobeh.
  8533 | D:9      | Reached skill level 11 in Polearms
  8565 | D:9      | Reached skill level 5 in Dodging
  8704 | D:9      | Reached ***** piety under Okawaru
  8857 | D:9      | Noticed a two-headed ogre
  8881 | D:10     | Entered Level 10 of the Dungeon
  8894 | D:10     | Found a flagged portal.
  8912 | Bailey   | Entered a bailey
  9319 | Bailey   | Received a gift from Okawaru
  9444 | Bailey   | Noticed an orc knight
  9459 | Bailey   | Noticed an orc knight
  9460 | Bailey   | Killed an orc knight
  9461 | Bailey   | Reached skill level 5 in Throwing
  9507 | Bailey   | Killed an orc knight
  9507 | Bailey   | Received a gift from Okawaru
  9508 | Bailey   | Reached XP level 11. HP: 6/95 MP: 1/10
  9508 | Bailey   | Mangled by an orc warrior

Illustrated notes

Levels and vault maps discovered:
D:1:      saegor_arrival_simple_d, layout_rooms,
          hellmonk_ecumenical_altar_leap_of_faith, minmay_small_reverse_x
D:2:      layout_rooms, minmay_tripent
D:3:      layout_rooms, zin_academy, demons_altar, marbit_many_paths,
          serial_shops, shop
D:4:      layout_basic, general_overflow_altar
D:5:      layout_basic, led_sif_book, kennysheep_mini_moat,
          nzn_wu_jian_contemplation, lemuel_temple_firewalk_b
D:6:      layout_basic, nicolae_uskayaw_dance_hall,
          mainiacjoe_overflow_cross_hatched, uniq_sigmund
D:7:      layout_loops_cross, mainiacjoe_overflow_surrounded_room,
          nicolae_ru_sacrificial_ziggurat, mainiacjoe_overflow_boulevard,
          lemuel_tele_altar, minmay_diced_spiral, uniq_maggie, uniq_duvessa
D:8:      minmay_polygon_palace, layout_basic, lair_entry_dummy,
          grunt_decor_fettered, uniq_prince_ribbit1
D:9:      layout_loops_cross, mainiacjoe_overflow_24_doors, st_stairs_7
D:10:     layout_loops_ring, david_orc_2, enter_bailey_3, bh_walls_and_bars,
          uniq_sonja, uniq_josephine
Temple:   hellmonk_temple_micro_hex
Bailey:   bailey_polearm_5, bailey

Skill      XL: |  1  2  3  4  5  6  7  8  9 10 |
---------------+-------------------------------+-----
Armour         | 4 5 6 8 9 |  9.3
Fighting       | 4 5 6 7 8 |  8.5
Polearms       | 3 4 5 7 8 10 11 | 11.9
Dodging        | 1 2 3 4 5 |  5.3
Stealth        | 1 2 3 4 |  4.6
Throwing       | 1 2 3 4 5 |  5.1
Shields        | 4 5 6 |  6.8

Action                   |  1- 3 |  4- 6 |  7- 9 | 10-12 || total
-------------------------+-------+-------+-------+-------++-------
Melee: Trident           |   105 |    91 |   410 |   301 ||   907
       Headbutt          |     3 |    15 |    58 |    31 ||   107
Throw: Dart              |       |     1 |     5 |    13 ||    19
  Use: Scroll            |    10 |       |     8 |       ||    18
       Potion            |       |       |       |     1 ||     1
Armor: Scale mail        |    25 |    20 |     2 |       ||    47
       Plate armour      |       |       |   195 |    92 ||   287
Dodge: Dodged            |    36 |    23 |   111 |    73 ||   243
Block: Buckler           |    15 |    10 |    75 |    44 ||   144
